Map: Overgrown Facility

Players

MonstroTown

  • Race: Terran Terran
  • Spawn Location: 1:00

Michael

  • Race: Zerg Zerg
  • League: Gold
  • Spawn Location: 3:00

Alizee

  • Race: Zerg Zerg
  • League: Diamond
  • Spawn Location: 9:00

Dreamer

  • Race: Protoss Protoss
  • League: Gold
  • Spawn Location: 7:00

VOD

Have the link to the VOD?

Description

Time

  • Played on: Sept. 16, 2018, 9:39 a.m.
  • Length: 12:13
Show
View Real Time Build Order
Export as new Build Order

MonstroTown Terran 

Build Orders:  

Get SALT Encoding   

  12  0:01  SCV  
  13  0:13  SCV  
  14  0:19  Supply Depot  
  14  0:25  SCV  
  15  0:41  SCV, Barracks  
  16  0:48  Refinery  
  16  0:53  SCV  
  17  1:05  SCV  
  18  1:17  SCV  
  19  1:24  Barracks  
  19  1:30  Orbital Command  
  19  1:31  Reaper  
  20  1:52  Supply Depot  
  20  1:56  SCV  
  20  2:00  Refinery  
  21  2:04  Marine  
  22  2:12  Barracks Tech Lab  
  22  2:15  Barracks  
  22  2:19  Factory  
  22  2:25  Marine  
  23  2:41  Marauder  
  24  2:53  SCV  
  24  2:57  Marine  
  24  2:58  Command Center  
  27  3:05  SCV  
  27  3:08  Hellion  
  29  3:17  Marine  
  29  3:19  Marine  
  31  3:27  Supply Depot  
  30  3:49  Hellion, Marauder  
  30  4:05  Marine x2  
  32  4:10  Hellion, Marine  
  32  4:16  SCV, Starport  
  36  4:19  Orbital Command  
  36  4:23  Marine x2  
  38  4:28  SCV  
  39  4:35  Marine  
  39  4:37  Hellion  
  42  4:40  SCV  
  42  4:41  Marine x2  
  45  4:47  SCV  
  45  4:52  SCV  
  47  4:59  SCV  
  48  5:02  Marine  
  48  5:03  Marine  
  48  5:04  Marauder  
  48  5:05  Hellion  
  54  5:45  Supply Depot  
  54  5:47  Supply Depot x2  
  54  5:54  Marine x2  
  54  5:55  Barracks Reactor, SCV x2, Hellion  
  60  6:05  Engineering Bay  
  60  6:07  SCV x2  
  51  6:12  Marine x2  
  51  6:18  Starport Tech Lab  
  53  6:19  Factory Reactor, SCV x2  
  53  6:25  Engineering Bay  
  55  6:27  Refinery  
  55  6:30  Marine x2, Barracks  
  57  6:32  Marine  
  57  6:33  Marine  
  57  6:35  Stimpack  
  57  6:37  SCV x2  
  64  6:48  Marine  
  64  6:49  Raven  
  64  6:52  Marine x2  
  66  7:05  Marine x2  
  66  7:07  Cyclone x2  
  73  7:15  Armory  
  73  7:32  Marine x3  
  73  7:33  Marine  
  75  7:41  Banshee  
  78  7:46  Terran Infantry Armor Level 1, Terran Infantry Weapons Level 1  
  78  7:50  Marine x3  
  70  8:06  SCV x2  
  70  8:11  Barracks Reactor  
  72  8:15  Hellbat x2  
  72  8:16  Barracks Tech Lab, Marine  
  72  8:17  Marine x2  
  79  8:22  Supply Depot  
  79  8:27  Barracks  
  79  8:29  Starport  
  79  8:34  Marine  
  79  8:41  Marauder x2  
  84  8:49  Command Center  
  84  8:50  SCV x2  
  86  9:00  Hellbat x2  
  86  9:02  SCV, Viking  
  93  9:27  Marine  
  94  9:34  Marine x4  
  98  9:38  Supply Depot  
  98  9:40  Supply Depot  
  98  9:41  Supply Depot  
  75  10:13  Marine  
  75  10:14  Marine x6  
  43  10:18  SCV x2  
  50  10:24  Planetary Fortress  
  50  10:26  Banshee  
  50  10:27  Bunker  
  52  10:31  Marine x2  
  52  10:32  Marine x5  
  52  10:34  Starport Reactor  
  59  10:37  Hellbat x2  
  63  10:49  Marine  
  64  10:50  Marauder  
  64  11:06  Supply Depot, Marine x2  
  64  11:09  Hellbat x2  
  67  11:31  Hellbat  
  67  11:32  Marine x2  
  50  11:41  Viking x3  
  56  11:50  Marine x2  
Show
View Real Time Build Order
Export as new Build Order

Michael Zerg 

Build Orders: Pool First 

Get SALT Encoding   

  12  0:01  Drone  
  13  0:12  Overlord  
  13  0:18  Drone  
  14  0:31  Drone x2  
  14  0:34  Drone  
  17  0:45  Drone  
  17  0:47  Extractor  
  17  0:53  Spawning Pool  
  17  0:56  Drone  
  17  1:06  Drone  
  18  1:21  Hatchery  
  18  1:23  Drone  
  18  1:29  Drone  
  19  1:38  Overlord  
  19  1:53  Queen  
  21  2:00  Zergling x2  
  22  2:06  Drone  
  23  2:12  Metabolic Boost  
  23  2:14  Zergling x2  
  25  2:22  Zergling x2  
  25  2:34  Roach Warren, Queen  
  26  2:39  Spine Crawler  
  25  2:48  Drone x3  
  28  2:57  Queen  
  30  3:01  Extractor  
  30  3:03  Drone  
  30  3:09  Drone  
  30  3:10  Drone  
  32  3:16  Drone  
  32  3:17  Drone  
  34  3:21  Drone  
  34  3:23  Drone  
  36  3:31  Overlord  
  36  3:55  Zergling x14  
  39  4:10  Drone x2  
  41  4:19  Lair  
  41  4:31  Evolution Chamber  
  41  4:33  Hatchery  
  34  4:42  Zergling x12  
  38  4:48  Drone x3  
  41  4:58  Roach  
  43  5:00  Overlord  
  43  5:02  Overlord  
  43  5:10  Zerg Ground Armor Level 1  
  43  5:13  Drone  
  39  5:38  Roach x4  
  39  5:39  Roach x3  
  39  5:41  Roach  
  55  5:46  Glial Reconstitution  
  55  5:56  Spire  
  54  6:00  Hydralisk Den  
  53  6:04  Drone  
  53  6:05  Spore Crawler  
  53  6:20  Queen  
  53  6:21  Queen  
  57  6:27  Queen  
  57  6:32  Overlord  
  58  6:37  Overlord  
  56  6:47  Overseer x3  
  56  6:52  Muscular Augments  
  50  7:28  Roach x3  
  50  7:29  Roach x7  
  70  7:31  Zergling x4  
  72  7:40  Roach  
  74  7:57  Overlord x4  
  74  8:05  Drone x3  
  74  8:06  Drone  
  74  8:14  Overlord x2  
  74  8:22  Mutalisk x2  
  78  8:27  Mutalisk  
  78  8:32  Mutalisk  
  82  8:38  Mutalisk  
  84  8:44  Drone x2  
  84  8:45  Drone x2  
  89  8:48  Drone  
  89  9:00  Mutalisk  
  91  9:04  Drone x3  
  91  9:05  Drone x4  
  91  9:08  Extractor  
  96  9:10  Extractor  
  95  9:33  Mutalisk  
  95  9:34  Mutalisk  
  76  9:55  Mutalisk  
  72  10:02  Zergling x22  
  72  10:14  Drone  
  72  10:16  Extractor x2  
  72  10:17  Corruptor  
  72  10:29  Queen  
  74  10:37  Hatchery  
  74  10:38  Hatchery  
  72  10:51  Infestation Pit  
  71  11:01  Zergling x16  
  71  11:02  Zergling x18  
  88  11:11  Overlord  
  88  11:14  Mutalisk  
  59  11:41  Mutalisk  
  59  11:42  Mutalisk  
  63  11:48  Mutalisk  
  63  11:49  Mutalisk x4  
  62  11:56  Zergling x6  
Show
View Real Time Build Order
Export as new Build Order

Alizee Zerg 

Build Orders: Hatch First, Swarm Host 

Get SALT Encoding   

  12  0:01  Drone  
  13  0:09  Drone  
  14  0:18  Overlord  
  14  0:36  Drone x3  
  17  0:47  Drone  
  18  0:58  Hatchery  
  18  1:00  Drone  
  18  1:03  Extractor  
  17  1:08  Drone  
  18  1:19  Spawning Pool  
  18  1:23  Drone  
  18  1:30  Drone  
  19  1:44  Drone  
  20  1:55  Overlord  
  20  2:11  Queen  
  20  2:12  Queen  
  20  2:13  Zergling x6  
  20  2:15  Metabolic Boost  
  27  2:26  Drone x2  
  29  2:37  Drone  
  29  2:38  Drone  
  29  2:43  Drone  
  32  2:47  Queen  
  34  2:56  Zergling x4  
  36  3:04  Overlord, Lair  
  36  3:12  Spine Crawler  
  35  3:13  Drone  
  36  3:23  Drone x4  
  40  3:35  Queen, Spine Crawler  
  40  3:50  Zergling x8  
  42  4:00  Drone  
  42  4:01  Drone x2  
  44  4:05  Spine Crawler  
  44  4:07  Overlord  
  44  4:08  Zergling x2  
  44  4:19  Overlord  
  44  4:23  Infestation Pit  
  43  4:29  Drone x2  
  43  4:30  Drone x2  
  46  4:34  Zergling x2  
  46  4:40  Spine Crawler  
  46  4:59  Zergling x10  
  51  5:00  Drone x3  
  51  5:03  Extractor  
  51  5:05  Extractor  
  52  5:09  Overlord  
  52  5:11  Zergling x4  
  52  5:12  Spine Crawler  
  53  5:16  Hatchery  
  52  5:25  Overlord  
  52  5:34  Zergling x10  
  57  5:45  Swarm Host  
  57  5:46  Swarm Host  
  63  5:59  Swarm Host x3  
  73  6:04  Extractor, Drone  
  66  6:22  Drone x5  
  66  6:23  Hydralisk Den  
  70  6:29  Drone x5  
  70  6:31  Drone x2  
  70  6:32  Queen  
  78  6:47  Zergling x6  
  78  6:53  Overlord  
  81  6:54  Overlord  
  81  7:03  Spore Crawler  
  78  7:18  Swarm Host x2  
  78  7:20  Zergling x4  
  78  7:21  Drone x2  
  78  7:22  Drone x2  
  90  7:24  Hydralisk x2  
  90  7:25  Muscular Augments, Hydralisk  
  90  7:26  Baneling Nest  
  90  7:28  Drone x2  
  97  7:31  Overlord  
  94  7:45  Hydralisk x2  
  96  7:53  Zergling x6  
  89  8:04  Swarm Host x4  
  100  8:05  Hydralisk x2  
  100  8:07  Drone  
  100  8:10  Extractor, Overlord  
  100  8:12  Extractor  
  103  8:19  Overlord  
  103  8:20  Drone x2  
  105  8:29  Drone x3  
  105  8:34  Centrifical Hooks  
  108  8:36  Grooved Spines  
  108  8:37  Drone x3  
  108  8:40  Drone x3  
  114  8:43  Drone x2  
  114  8:45  Drone  
  114  8:46  Overlord  
  117  9:04  Baneling x3  
  117  9:05  Baneling x4  
  117  9:06  Baneling x2  
  117  9:08  Drone x3  
  120  9:18  Evolution Chamber  
  120  9:19  Spire  
  120  9:20  Hive, Evolution Chamber  
  116  9:28  Hydralisk x3  
  122  9:39  Hatchery  
  122  9:40  Overlord x3  
  113  9:47  Hydralisk x4  
  110  9:57  Zergling x2, Hydralisk x3  
  101  10:23  Hatchery, Drone x4  
  101  10:24  Drone x2  
  106  10:48  Greater Spire  
  106  10:50  Corruptor x2  
  106  10:51  Corruptor x3  
  106  10:52  Drone  
  117  11:00  Hydralisk  
  117  11:02  Drone x4  
  117  11:03  Drone  
  124  11:07  Overlord  
  102  11:43  Zergling x10  
  113  11:48  Drone  
  113  11:49  Drone  
  113  11:50  Drone x3  
  113  11:52  Overlord  
Show
View Real Time Build Order
Export as new Build Order

Dreamer Protoss 

Build Orders: Colossus Rush 

Get SALT Encoding   

  12  0:02  Probe  
  13  0:21  Pylon  
  13  0:23  Probe  
  14  0:36  Probe  
  14  0:40  Gateway  
  15  0:47  Assimilator  
  15  0:55  Gateway  
  15  1:05  Probe, Assimilator  
  16  1:15  Pylon  
  16  1:27  Probe  
  17  1:34  Cybernetics Core  
  17  1:39  Probe  
  18  1:50  Warp Gate  
  18  1:51  Probe  
  19  2:03  Probe  
  19  2:06  Stalker  
  19  2:07  Adept  
  22  2:16  Probe  
  25  2:28  Probe  
  26  2:30  Pylon  
  26  2:32  Sentry  
  28  2:43  Adept  
  30  2:55  Gateway  
  30  3:06  Robotics Facility  
  30  3:09  Pylon  
  30  3:30  Probe  
  31  3:41  Pylon  
  31  3:43  Shield Battery  
  31  3:57  Nexus  
  31  4:13  Observer  
  31  4:15  Robotics Bay  
  32  4:30  Zealot x2, Observer  
  37  4:46  Stalker  
  39  5:03  Twilight Council  
  39  5:04  Extended Thermal Lance  
  36  5:41  Stalker x3  
  42  5:50  Charge, Colossus  
  42  6:01  Probe  
  48  6:04  Probe  
  48  6:09  Probe  
  50  6:16  Zealot, Probe  
  54  6:19  Probe  
  54  6:25  Gateway  
  55  6:29  Probe  
  56  7:01  Forge  
  56  7:02  Gateway  
  56  7:03  Probe x2  
  56  7:04  Gateway  
  58  7:09  Assimilator  
  58  7:12  Assimilator  
  58  7:15  Probe x2  
  60  7:23  Colossus  
  60  7:26  Protoss Ground Armor Level 1  
  60  7:27  Probe x2  
  68  7:32  Resonating Glaives  
  68  7:39  Probe  
  69  7:49  Pylon  
  69  7:52  Pylon  
  69  8:13  Colossus  
  75  8:32  Probe  
  75  8:33  Probe, Pylon  
  77  8:42  Pylon  
  77  8:43  Pylon  
  77  8:45  Probe x2  
  79  8:48  Photon Cannon x2  
  79  8:56  Pylon  
  79  8:58  Pylon  
  79  9:00  Zealot x2  
  83  9:06  Protoss Ground Armor Level 2  
  83  9:07  Colossus  
  89  9:16  Nexus  
  89  9:23  Pylon  
  89  9:43  Stalker  
  91  9:46  Assimilator  
  91  9:48  Assimilator  
  83  10:25  Adept x5  
  93  10:36  Observer  
  94  10:57  Observer  
  95  11:04  Stalker x2  
  95  11:05  Stalker x4  
  95  11:10  Probe  
  95  11:11  Probe x2  
  114  11:18  Immortal  
  114  11:23  Probe  
  108  12:11  Stalker  
  108  12:12  Stalker x5  
Tags
 
Add a new tag
Caveats
  • Supply blocks, unpowered buildings, or Contaminate may cause inaccurate times.
  • Supply counts are checked every 10 seconds.